[Event "GambitGuide"]
[Site "Internet Chess Club"]
[Date "2014.10.31"]
[Round "1"]
[White "JSBach"]
[Black "cantwinforlosin"]
[Result "1-0"]
[ICCResult "Black resigns"]
[WhiteElo "1712"]
[BlackElo "1245"]
[Opening "Vienna: `Frankenstein-Dracula' variation"]
[ECO "C27"]
[NIC "VG.02"]
[Time "15:11:13"]
[TimeControl "120+12"]

1. e4 e5 2. Nc3 Nf6 3. Bc4 Nxe4 4. Qh5 Nd6 5. Bb3 Nc6 6. Nb5 g6 7. Qf3 f5 8.
Qd5 Qe7 9. Nxc7+ Kd8 10. Nxa8 b6 11. d3 Bb7 12. Nxb6 axb6 13. Qf3 Nd4 14.
Qg3 f4 15. Qg4 N6f5 16. Ne2 Nxe2 17. Kxe2 f3+ 18. gxf3 Bxf3+ 19. Kxf3 Nd4+
20. Kg2 h5 21. Qxg6 Ne2 22. Bg5 Nf4+ 23. Bxf4 exf4 24. Qxb6+ Kc8 25. Qa6+
Kd8 26. Qa5+ Kc8 27. Qc3+ Kd8 28. Qxh8 {Black resigns} 1-0

[Event "GambitGuide"]
[Site "Internet Chess Club"]
[Date "2014.10.31"]
[Round "1"]
[White "JSBach"]
[Black "DOXDURAN"]
[Result "1-0"]
[ICCResult "Black resigns"]
[WhiteElo "1712"]
[BlackElo "1600"]
[Opening "Vienna: `Frankenstein-Dracula' variation"]
[ECO "C27"]
[NIC "VG.02"]
[Time "15:08:30"]
[TimeControl "120+12"]

1. e4 e5 2. Nc3 Nf6 3. Bc4 Nxe4 4. Qh5 Nd6 5. Bb3 Nc6 6. Nb5 g6 7. Qf3 f5 8.
Qd5 Qe7 9. Nxc7+ Kd8 10. Nxa8 b6 11. d3 Bb7 12. Nxb6 axb6 13. Qf3 Bg7 14.
Be3 Nc8 15. Qd5 d6 16. Qb5 Qc7 17. Be6 N6e7 18. f3 d5 19. Rc1 d4 20. Bg5 h6
21. Bh4 g5 22. Bg3 f4 23. Bf2 Qd6 24. Bf7 g4 25. Kd1 h5 26. Bh4 Bc6 27. Qc4
Rh7 28. Bg8 Bd5 29. Bxd5 {Black resigns} 1-0

[Event "GambitGuide"]
[Site "Internet Chess Club"]
[Date "2014.10.31"]
[Round "1"]
[White "JSBach"]
[Black "Ross2012"]
[Result "1-0"]
[ICCResult "Black resigns"]
[WhiteElo "1712"]
[BlackElo "1541"]
[Opening "Vienna: `Frankenstein-Dracula' variation"]
[ECO "C27"]
[NIC "VG.02"]
[Time "15:13:40"]
[TimeControl "120+12"]

1. e4 e5 2. Nc3 Nf6 3. Bc4 Nxe4 4. Qh5 Nd6 5. Bb3 Nc6 6. Nb5 g6 7. Qf3 f5 8.
Qd5 Qe7 9. Nxc7+ Kd8 10. Nxa8 b6 11. d3 Nb4 12. Qf3 e4 13. dxe4 Nxe4 14. Be3
Bb7 15. Nxb6 axb6 16. Qf4 Bg7 17. Qb8+ Bc8 18. Bxb6+ {Black resigns} 1-0

[Event "GambitGuide"]
[Site "Internet Chess Club"]
[Date "2014.10.31"]
[Round "1"]
[White "JSBach"]
[Black "nsideurheadbro"]
[Result "1-0"]
[ICCResult "Black checkmated"]
[WhiteElo "1712"]
[BlackElo "1184"]
[Opening "Vienna: `Frankenstein-Dracula' variation"]
[ECO "C27"]
[NIC "VG.02"]
[Time "15:13:20"]
[TimeControl "120+12"]

1. e4 e5 2. Nc3 Nf6 3. Bc4 Nxe4 4. Qh5 Nd6 5. Bb3 Nc6 6. Nb5 g6 7. Qf3 f5 8.
Qd5 Qe7 9. Nxc7+ Kd8 10. Nxa8 b6 11. d3 Bb7 12. Nxb6 axb6 13. Qf3 f4 14. Qg4
Qf6 15. Nf3 h5 16. Qg5 Be7 17. Qxf6 Bxf6 18. Bd5 Re8 19. Bd2 e4 20. dxe4
Nxe4 21. Bf7 Nxd2+ 22. Kxd2 Re7 23. Bxg6 h4 24. Rae1 Ne5 25. Nxe5 Bxe5 26.
Rhg1 Rg7 27. Rxe5 Rxg6 28. g4 fxg3 29. hxg3 hxg3 30. fxg3 Bc6 31. g4 b5 32.
Kc3 Rd6 33. g5 Rg6 34. Rf1 Rg7 35. Kd4 d6 36. Ref5 b4 37. R1f4 Rg6 38. Kc4
d5+ 39. Kxb4 Bd7 40. Rxd5 Ke7 41. a4 Be6 42. Re4 Kf7 43. Rde5 Bc8 44. Re7+
Kf8 45. Re8+ Kf7 46. R4e7# {Black checkmated} 1-0

[Event "GambitGuide"]
[Site "Internet Chess Club"]
[Date "2014.10.31"]
[Round "1"]
[White "JSBach"]
[Black "chess-caleb"]
[Result "1-0"]
[ICCResult "Black resigns"]
[WhiteElo "1712"]
[BlackElo "1669"]
[Opening "Vienna: `Frankenstein-Dracula' variation"]
[ECO "C27"]
[NIC "VG.02"]
[Time "15:14:43"]
[TimeControl "120+12"]

1. e4 e5 2. Nc3 Nf6 3. Bc4 Nxe4 4. Qh5 Nd6 5. Bb3 Nc6 6. Nb5 g6 7. Qf3 f5 8.
Qd5 Qe7 9. Nxc7+ Kd8 10. Nxa8 b6 11. d3 Nd4 12. h4 Ba6 13. Bg5 {Black
resigns} 1-0

[Event "GambitGuide"]
[Site "Internet Chess Club"]
[Date "2014.10.31"]
[Round "1"]
[White "JSBach"]
[Black "JoseLL23"]
[Result "0-1"]
[ICCResult "White checkmated"]
[WhiteElo "1712"]
[BlackElo "1601"]
[Opening "Vienna: `Frankenstein-Dracula' variation"]
[ECO "C27"]
[NIC "VG.02"]
[Time "15:09:39"]
[TimeControl "120+12"]

1. e4 e5 2. Nc3 Nf6 3. Bc4 Nxe4 4. Qh5 Nd6 5. Bb3 Nc6 6. Nb5 g6 7. Qf3 f5 8.
Qd5 Qe7 9. Nxc7+ Kd8 10. Nxa8 b6 11. d3 Bb7 12. Nxb6 axb6 13. Qf3 Nd4 14.
Qg3 f4 15. Qg4 g5 16. Ba4 h5 17. Qd1 Bxg2 18. c3 Nc6 19. Qb3 Kc7 20. Bxc6
dxc6 21. Qa4 Kb7 22. Qb4 Bxh1 23. Qa4 e4 24. d4 e3 25. fxe3 fxe3 26. Ne2 Qe4
27. Ng3 Qf3 28. Qc2 h4 29. Nf1 Nf5 30. Qe2 Bd6 31. Nxe3 Nxe3 32. Bxe3 Re8
33. Qxf3 Bxf3 34. Kf2 g4 35. c4 Bxh2 36. Bg5 Re2+ 37. Kf1 Bg3 38. b4 Rf2+
39. Kg1 Rg2+ 40. Kf1 Rh2 41. Be3 Rh1+ 42. Bg1 h3 43. Re1 Bxe1 44. d5 Bg3 45.
dxc6+ Kxc6 46. b5+ Kb7 47. c5 bxc5 48. a4 h2 49. a5 Rxg1# {White checkmated}
0-1

[Event "GambitGuide"]
[Site "Internet Chess Club"]
[Date "2014.10.31"]
[Round "1"]
[White "JSBach"]
[Black "franco"]
[Result "1-0"]
[ICCResult "Black resigns"]
[WhiteElo "1697"]
[BlackElo "1401"]
[Opening "Vienna: `Frankenstein-Dracula' variation"]
[ECO "C27"]
[NIC "VG.02"]
[Time "15:11:12"]
[TimeControl "120+12"]

1. e4 e5 2. Nc3 Nf6 3. Bc4 Nxe4 4. Qh5 Nd6 5. Bb3 Nc6 6. Nb5 g6 7. Qf3 f5 8.
Qd5 Qe7 9. Nxc7+ Kd8 10. Nxa8 b6 11. d3 Bb7 12. Nxb6 axb6 13. Qf3 Kc7 14. c3
Bg7 15. Bd5 Re8 16. Be3 e4 17. dxe4 Nxe4 18. Rd1 Nf6 19. Qf4+ Qe5 20. Ne2 d6
21. Bf3 Qxf4 22. Bxf4 Rd8 23. Rf1 Ba6 24. g3 h6 25. Rh1 g5 26. Bxc6 Kxc6 27.
Nd4+ Kd7 28. Nxf5 Re8+ 29. Be3 Bf8 30. Kd2 Ng4 31. Bxb6 Re5 32. h3 Nxf2 33.
Bxf2 Rxf5 34. Bd4 d5 35. g4 Rf4 36. a4 Rf3 37. b4 Rd3+ 38. Kc1 Rf3 39. b5
Bb7 40. Rdf1 Rxf1+ 41. Rxf1 Be7 42. Bg7 Kd6 43. Bxh6 Kc5 44. Bf8 Bxf8 45.
Rxf8 Kc4 46. Rb8 Kxc3 47. Rxb7 d4 48. b6 d3 49. Rd7 d2+ 50. Rxd2 {Black
resigns} 1-0

[Event "GambitGuide"]
[Site "Internet Chess Club"]
[Date "2014.10.31"]
[Round "1"]
[White "JSBach"]
[Black "chess-caleb"]
[Result "1-0"]
[ICCResult "Black resigns"]
[WhiteElo "1697"]
[BlackElo "1669"]
[Opening "Vienna: `Frankenstein-Dracula' variation"]
[ECO "C27"]
[NIC "VG.02"]
[Time "15:15:37"]
[TimeControl "120+12"]

1. e4 e5 2. Nc3 Nf6 3. Bc4 Nxe4 4. Qh5 Nd6 5. Bb3 Nc6 6. Nb5 g6 7. Qf3 f5 8.
Qd5 Qe7 9. Nxc7+ Kd8 10. Nxa8 b6 11. d3 Nd4 12. h4 Bb7 13. Bg5 Bxd5 14. Nxb6
Bxg2 15. Rh2 Bc6 16. Nc4 Qxg5 17. hxg5 Nxc4 18. dxc4 Be7 19. c3 Ne6 20. Bd1
Nxg5 21. Rh6 Ne4 22. Bb3 Bg5 23. Rh2 Bf4 24. Rh4 g5 25. Rh5 d6 26. Ne2 Be8
27. Nxf4 exf4 28. Rh6 Bg6 29. Ke2 Ke7 30. Rc1 Kf6 31. Re1 Kg7 32. Rh3 g4 33.
Rh4 h5 34. Kf1 Kf6 35. Rd1 Ke5 36. Rd5+ Ke6 37. c5 Nxc5 38. Rxc5+ Kd7 39.
Ra5 Re8 40. Ba4+ Kd8 41. Bxe8 Kxe8 42. b4 {Black resigns} 1-0

[Event "GambitGuide"]
[Site "Internet Chess Club"]
[Date "2014.10.31"]
[Round "1"]
[White "JSBach"]
[Black "Ross2012"]
[Result "1-0"]
[ICCResult "Black resigns"]
[WhiteElo "1697"]
[BlackElo "1541"]
[Opening "Vienna: `Frankenstein-Dracula' variation"]
[ECO "C27"]
[NIC "VG.02"]
[Time "15:14:56"]
[TimeControl "120+12"]

1. e4 e5 2. Nc3 Nf6 3. Bc4 Nxe4 4. Qh5 Nd6 5. Bb3 Nc6 6. Nb5 g6 7. Qf3 f5 8.
Qd5 Qe7 9. Nxc7+ Kd8 10. Nxa8 b6 11. d3 Bg7 12. Ba4 Bb7 13. Nxb6 axb6 14.
Qb3 Kc7 15. Be3 Nd4 16. Qc3+ Bc6 17. Bxc6 dxc6 18. Rd1 N6b5 19. Qd2 f4 20.
Bxd4 exd4+ 21. Kf1 h5 22. a4 Nd6 23. Qxf4 Bh6 24. Qxd4 Rf8 25. Re1 Qf7 26.
Nf3 Nf5 27. Qe5+ Kb7 28. Qe4 Nd6 29. Qd4 Bf4 30. Ne5 Qf6 31. Re2 Nf7 32.
Nxc6 Qxd4 33. Nxd4 Ng5 34. Re7+ Ka6 35. Ke1 {Black resigns} 1-0

[Event "GambitGuide"]
[Site "Internet Chess Club"]
[Date "2014.10.31"]
[Round "1"]
[White "JSBach"]
[Black "nsideurheadbro"]
[Result "1-0"]
[ICCResult "Black resigns"]
[WhiteElo "1697"]
[BlackElo "1184"]
[Opening "Vienna: `Frankenstein-Dracula' variation"]
[ECO "C27"]
[NIC "VG.02"]
[Time "15:15:56"]
[TimeControl "120+12"]

1. e4 e5 2. Nc3 Nf6 3. Bc4 Nxe4 4. Qh5 Nd6 5. Bb3 Nc6 6. Nb5 g6 7. Qf3 f5 8.
Qd5 Qe7 9. Nxc7+ Kd8 10. Nxa8 b6 11. d3 Bb7 12. Nxb6 axb6 13. Qf3 f4 14. Bd2
Nd4 15. Qg4 Bh6 16. Ba4 e4 17. Bc3 exd3+ 18. Kf1 Nxc2 19. Bxc2 dxc2 20. Bxh8
Ba6+ 21. Ne2 f3 22. Qxf3 c1=Q+ 23. Rxc1 Bxc1 24. Qa8+ Bc8 25. Nxc1 Ne4 26.
Nb3 Qe6 27. Bd4 Qc4+ 28. Kg1 Nc5 29. Bxc5 bxc5 30. Qa5+ Ke7 31. Qxc5+ Qxc5
32. Nxc5 {Black resigns} 1-0

[Event "GambitGuide"]
[Site "Internet Chess Club"]
[Date "2014.10.31"]
[Round "1"]
[White "JSBach"]
[Black "demo05"]
[Result "0-1"]
[ICCResult "White checkmated"]
[WhiteElo "1697"]
[BlackElo "2174"]
[Opening "Vienna: `Frankenstein-Dracula' variation"]
[ECO "C27"]
[NIC "VG.02"]
[Time "15:13:35"]
[TimeControl "120+12"]

1. e4 e5 2. Nc3 Nf6 3. Bc4 Nxe4 4. Qh5 Nd6 5. Bb3 Nc6 6. Nb5 g6 7. Qf3 f5 8.
Qd5 Qe7 9. Nxc7+ Kd8 10. Nxa8 b6 11. d3 Bb7 12. Nxb6 axb6 13. Qf3 e4 14. Qe3
Bg7 15. Qxb6+ Kc8 16. dxe4 Nxe4 17. Ne2 Nd4 18. Bf4 Nd6 19. Qc5+ Kd8 20. Bg5
Qxg5 21. Qxd6 Nxe2 22. Qb8+ Bc8 23. Kxe2 Re8+ 24. Kf1 Bd4 25. Bf7 Re7 26.
Rd1 Rxf7 27. c3 Bc5 28. b4 Bf8 29. h4 Qf6 30. Re1 Qa6+ 31. b5 Qb7 32. Qe5
Be7 33. a4 d6 34. Qd4 Qc7 35. Qh8+ Bf8 36. Re2 Qc4 37. b6 Ba6 38. Kg1 Qxe2
39. Qd4 Qe1+ 40. Kh2 Qe5+ 41. Qxe5 dxe5 42. Rd1+ Kc8 43. Rd5 Bb7 44. Rd2 Bc5
45. a5 e4 46. c4 f4 47. Ra2 Ba6 48. Re2 e3 49. fxe3 fxe3 50. Rc2 Rf2 51. Rc1
e2 52. h5 Rf1 53. hxg6 hxg6 54. Rxf1 exf1=Q 55. Kh3 Qf5+ 56. g4 Qf3+ 57. Kh2
Bd6+ 58. Kg1 Qg3+ 59. Kh1 Bb7# {White checkmated} 0-1

[Event "GambitGuide"]
[Site "Internet Chess Club"]
[Date "2014.10.31"]
[Round "1"]
[White "JSBach"]
[Black "chess-caleb"]
[Result "1-0"]
[ICCResult "Black resigns"]
[WhiteElo "1697"]
[BlackElo "1669"]
[Opening "Vienna: `Frankenstein-Dracula' variation"]
[ECO "C27"]
[NIC "VG.02"]
[Time "15:17:43"]
[TimeControl "120+12"]

1. e4 e5 2. Nc3 Nf6 3. Bc4 Nxe4 4. Qh5 Nd6 5. Bb3 Nc6 6. Nb5 g6 7. Qf3 f5 8.
Qd5 Qe7 9. Nxc7+ Kd8 10. Nxa8 b6 11. d3 Nd4 12. f4 Bg7 13. fxe5 Bxe5 14. Kd1
Re8 15. Nf3 Bb7 16. Bg5 Bxd5 17. Bxe7+ Rxe7 18. Bxd5 {Black resigns} 1-0

[Event "GambitGuide"]
[Site "Internet Chess Club"]
[Date "2014.10.31"]
[Round "1"]
[White "JSBach"]
[Black "chess-caleb"]
[Result "1-0"]
[ICCResult "Black resigns"]
[WhiteElo "1695"]
[BlackElo "1669"]
[Opening "Vienna: `Frankenstein-Dracula' variation"]
[ECO "C27"]
[NIC "VG.02"]
[Time "15:18:35"]
[TimeControl "120+12"]

1. e4 e5 2. Nc3 Nf6 3. Bc4 Nxe4 4. Qh5 Nd6 5. Bb3 Nc6 6. Nb5 g6 7. Qf3 f5 8.
Qd5 Qe7 9. Nxc7+ Kd8 10. Nxa8 b6 11. d3 Nd4 12. f4 Bg7 13. fxe5 Re8 14. Qxd4
Bxe5 15. Qe3 Qh4+ 16. Kd1 Bd4 17. Qg5+ Qxg5 18. Bxg5+ {Black resigns} 1-0

[Event "GambitGuide"]
[Site "Internet Chess Club"]
[Date "2014.10.31"]
[Round "1"]
[White "JSBach"]
[Black "DOXDURAN"]
[Result "0-1"]
[ICCResult "White checkmated"]
[WhiteElo "1695"]
[BlackElo "1600"]
[Opening "Vienna: `Frankenstein-Dracula' variation"]
[ECO "C27"]
[NIC "VG.02"]
[Time "15:14:45"]
[TimeControl "120+12"]

1. e4 e5 2. Nc3 Nf6 3. Bc4 Nxe4 4. Qh5 Nd6 5. Bb3 Nc6 6. Nb5 g6 7. Qf3 f5 8.
Qd5 Qe7 9. Nxc7+ Kd8 10. Nxa8 b6 11. d3 Bb7 12. Nxb6 axb6 13. Qf3 Bg7 14.
Be3 Nd4 15. Qh3 f4 16. Bxd4 exd4+ 17. Kf1 Nf5 18. Re1 Qf6 19. Ne2 g5 20. a3
h5 21. f3 Ne3+ 22. Kf2 g4 23. fxg4 hxg4 24. Qxh8+ Bxh8 25. Nc1 Qh4+ 26. g3
Qh3 27. Reg1 fxg3+ 28. Rxg3 Qh5 29. Kg1 Be5 30. Ne2 Bxh1 31. Kxh1 Bxg3 32.
Nxg3 Qh3 33. Bd5 Nxd5 34. Kg1 Ne3 35. Kf2 Qg2+ 36. Ke1 Qxh2 37. Nf1 Qh1 38.
Kd2 Qxf1 39. a4 Qd1# {White checkmated} 0-1

[Event "GambitGuide"]
[Site "Internet Chess Club"]
[Date "2014.10.31"]
[Round "1"]
[White "JSBach"]
[Black "Ross2012"]
[Result "1-0"]
[ICCResult "Black resigns"]
[WhiteElo "1695"]
[BlackElo "1541"]
[Opening "Vienna: `Frankenstein-Dracula' variation"]
[ECO "C27"]
[NIC "VG.02"]
[Time "15:17:51"]
[TimeControl "120+12"]

1. e4 e5 2. Nc3 Nf6 3. Bc4 Nxe4 4. Qh5 Nd6 5. Bb3 Nc6 6. Nb5 g6 7. Qf3 f5 8.
Qd5 Qe7 9. Nxc7+ Kd8 10. Nxa8 b6 11. d3 Bb7 12. Nxb6 axb6 13. Qf3 e4 14. Qe3
Bg7 15. Qxb6+ Kc8 16. Ne2 exd3 17. cxd3 Bd4 18. Bg5 Qe5 19. Bf4 Qe7 20. Bxd6
{Black resigns}
1-0

[Event "GambitGuide"]
[Site "Internet Chess Club"]
[Date "2014.10.31"]
[Round "1"]
[White "JSBach"]
[Black "chess-caleb"]
[Result "1-0"]
[ICCResult "Black resigns"]
[WhiteElo "1695"]
[BlackElo "1669"]
[Opening "Vienna: `Frankenstein-Dracula' variation"]
[ECO "C27"]
[NIC "VG.02"]
[Time "15:19:05"]
[TimeControl "120+12"]

1. e4 e5 2. Nc3 Nf6 3. Bc4 Nxe4 4. Qh5 Nd6 5. Bb3 Nc6 6. Nb5 g6 7. Qf3 f5 8.
Qd5 Qe7 9. Nxc7+ Kd8 10. Nxa8 b6 11. d3 Nd4 12. f4 exf4+ 13. Kd1 Bg7 14.
Bxf4 Re8 15. Kd2 Bb7 16. Qxd6 Qxd6 17. Bxd6 Bxg2 18. Nc7 Rh8 19. Bd5 Bxh1
20. Bxh1 Bh6+ 21. Kc3 Ne6 22. Be5 {Black resigns} 1-0

[Event "GambitGuide"]
[Site "Internet Chess Club"]
[Date "2014.10.31"]
[Round "1"]
[White "JSBach"]
[Black "franco"]
[Result "1-0"]
[ICCResult "Black checkmated"]
[WhiteElo "1695"]
[BlackElo "1401"]
[Opening "Vienna: `Frankenstein-Dracula' variation"]
[ECO "C27"]
[NIC "VG.02"]
[Time "15:16:26"]
[TimeControl "120+12"]

1. e4 e5 2. Nc3 Nf6 3. Bc4 Nxe4 4. Qh5 Nd6 5. Bb3 Nc6 6. Nb5 g6 7. Qf3 f5 8.
Qd5 Qe7 9. Nxc7+ Kd8 10. Nxa8 b6 11. d3 Bb7 12. Nxb6 axb6 13. Qf3 Kc7 14.
Bd2 Bg7 15. Be3 Re8 16. Bd5 e4 17. Qe2 Qe5 18. Bxc6 Bxc6 19. d4 Qe7 20. Rd1
Bd5 21. c4 Bb7 22. c5 bxc5 23. dxc5 Nf7 24. Qb5 Bc6 25. Bf4+ Ne5 26. Qb6+
Kc8 27. Kf1 g5 28. Be3 f4 29. Bd4 Nd3 30. Bxg7 Qxg7 31. b4 Qc3 32. b5 Bd5
33. Nh3 h6 34. Qa6+ Kd8 35. Qxh6 e3 36. Qxg5+ Kc7 37. Nxf4 Nxf2 38. Nxd5+
Kb7 39. Nxc3 Rf8 40. Qd5+ Kc8 41. Qa8+ Kc7 42. b6# {Black checkmated} 1-0

[Event "GambitGuide"]
[Site "Internet Chess Club"]
[Date "2014.10.31"]
[Round "1"]
[White "JSBach"]
[Black "chess-caleb"]
[Result "1-0"]
[ICCResult "Black resigns"]
[WhiteElo "1681"]
[BlackElo "1669"]
[Opening "Vienna: `Frankenstein-Dracula' variation"]
[ECO "C27"]
[NIC "VG.02"]
[Time "15:20:08"]
[TimeControl "120+12"]

1. e4 e5 2. Nc3 Nf6 3. Bc4 Nxe4 4. Qh5 Nd6 5. Bb3 Nc6 6. Nb5 g6 7. Qf3 f5 8.
Qd5 Qe7 9. Nxc7+ Kd8 10. Nxa8 b6 11. d3 Bg7 12. Nh3 Re8 13. Bg5 Bf6 14. O-O
Bxg5 15. Nxg5 Qxg5 16. Qxd6 Nd4 17. Qc7+ Ke7 18. Qxe5+ Kd8 19. Qc7+ Ke7 20.
Rfe1+ Kf6 21. Rxe8 {Black resigns} 1-0

[Event "GambitGuide"]
[Site "Internet Chess Club"]
[Date "2014.10.31"]
[Round "1"]
[White "JSBach"]
[Black "spice2nite"]
[Result "1-0"]
[ICCResult "Black resigns"]
[WhiteElo "1681"]
[BlackElo "1638"]
[Opening "Vienna: `Frankenstein-Dracula' variation"]
[ECO "C27"]
[NIC "VG.02"]
[Time "15:20:21"]
[TimeControl "120+12"]

1. e4 e5 2. Nc3 Nf6 3. Bc4 Nxe4 4. Qh5 Nd6 5. Bb3 Nc6 6. Nb5 g6 7. Qf3 f5 8.
Qd5 Qe7 9. Nxc7+ Kd8 10. Nxa8 b6 11. d3 Bb7 12. Nxb6 axb6 13. Qf3 Nd4 14.
Qh3 f4 15. Ba4 N6f5 16. c3 Ne6 17. Bb3 Nc5 18. Bc4 h5 19. b4 g5 20. Qxf5
{Black resigns}
1-0

[Event "GambitGuide"]
[Site "Internet Chess Club"]
[Date "2014.10.31"]
[Round "1"]
[White "JSBach"]
[Black "demo05"]
[Result "0-1"]
[ICCResult "White checkmated"]
[WhiteElo "1681"]
[BlackElo "2174"]
[Opening "Vienna: `Frankenstein-Dracula' variation"]
[ECO "C27"]
[NIC "VG.02"]
[Time "15:18:35"]
[TimeControl "120+12"]

1. e4 e5 2. Nc3 Nf6 3. Bc4 Nxe4 4. Qh5 Nd6 5. Bb3 Nc6 6. Nb5 g6 7. Qf3 f5 8.
Qd5 Qe7 9. Nxc7+ Kd8 10. Nxa8 b6 11. d3 Bb7 12. Nxb6 axb6 13. Qf3 Nd4 14.
Qh3 e4 15. Be3 exd3 16. O-O-O Nxb3+ 17. cxb3 Qe4 18. Bxb6+ Kc8 19. Rxd3 Qxg2
20. Qxg2 Bxg2 21. Rc3+ Kb7 22. Bd4 Bxh1 23. Bxh8 Bh6+ 24. Kd1 Ne4 25. Rc2 d5
26. Be5 Ng5 27. a4 Ne6 28. b4 d4 29. a5 Bc6 30. a6+ Kb6 31. Rc4 Bb5 32. a7
Kxa7 33. Rc8 d3 34. Nf3 Ng5 35. Nxg5 Bxg5 36. Rc7+ Kb6 37. f4 Bh4 38. Rxh7
Bf2 39. Kd2 Kc6 40. Rg7 Kd5 41. Rxg6 Ke4 42. h4 Be3+ 43. Ke1 d2+ 44. Kd1
Ba4+ 45. b3 Bxb3+ 46. Ke2 d1=Q# {White checkmated} 0-1

[Event "GambitGuide"]
[Site "Internet Chess Club"]
[Date "2014.10.31"]
[Round "1"]
[White "JSBach"]
[Black "nsideurheadbro"]
[Result "1-0"]
[ICCResult "Black resigns"]
[WhiteElo "1668"]
[BlackElo "1184"]
[Opening "Vienna: `Frankenstein-Dracula' variation"]
[ECO "C27"]
[NIC "VG.02"]
[Time "15:18:13"]
[TimeControl "120+12"]

1. e4 e5 2. Nc3 Nf6 3. Bc4 Nxe4 4. Qh5 Nd6 5. Bb3 Nc6 6. Nb5 g6 7. Qf3 f5 8.
Qd5 Qe7 9. Nxc7+ Kd8 10. Nxa8 b6 11. d3 Bb7 12. Nxb6 axb6 13. Qf3 f4 14. Bd2
Bg7 15. Qg4 g5 16. Nf3 h6 17. Rd1 Bf6 18. Qh5 Nd4 19. Nxd4 exd4+ 20. Kf1 Nf5
21. Re1 Qd6 22. Qg4 Ne3+ 23. fxe3 dxe3 24. Bc3 Bxc3 25. bxc3 Rf8 26. Rg1 f3
27. Rxe3 fxg2+ 28. Ke2 Qf6 29. Re1 Qf1+ 30. Kd2 Qf2+ 31. R3e2 Qc5 32. d4 Qc6
33. d5 Qc5 34. Qxg2 g4 35. Qxg4 Bxd5 36. Re5 Qf2+ 37. R5e2 Qc5 38. Re5 Rf2+
39. R1e2 Rxe2+ 40. Qxe2 {Black resigns} 1-0

[Event "GambitGuide"]
[Site "Internet Chess Club"]
[Date "2014.10.31"]
[Round "1"]
[White "JSBach"]
[Black "chess-caleb"]
[Result "1-0"]
[ICCResult "Black resigns"]
[WhiteElo "1668"]
[BlackElo "1669"]
[Opening "Vienna: `Frankenstein-Dracula' variation"]
[ECO "C27"]
[NIC "VG.02"]
[Time "15:21:56"]
[TimeControl "120+12"]

1. e4 e5 2. Nc3 Nf6 3. Bc4 Nxe4 4. Qh5 Nd6 5. Bb3 Nc6 6. Nb5 g6 7. Qf3 f5 8.
Qd5 Qe7 9. Nxc7+ Kd8 10. Nxa8 b6 11. d3 Bb7 12. Nxb6 axb6 13. Qf3 Nd4 14.
Qg3 f4 15. Qg4 h5 16. Qxg6 N6f5 17. Qxb6+ {Black resigns} 1-0

[Event "GambitGuide"]
[Site "Internet Chess Club"]
[Date "2014.10.31"]
[Round "1"]
[White "JSBach"]
[Black "Zhbugnoimt"]
[Result "0-1"]
[ICCResult "White checkmated"]
[WhiteElo "1688"]
[BlackElo "1680"]
[Opening "Vienna: `Frankenstein-Dracula' variation"]
[ECO "C27"]
[NIC "VG.02"]
[Time "15:22:38"]
[TimeControl "120+12"]

1. e4 e5 2. Nc3 Nf6 3. Bc4 Nxe4 4. Qh5 Nd6 5. Bb3 Nc6 6. Nb5 g6 7. Qf3 f5 8.
Qd5 Qe7 9. Nxc7+ Kd8 10. Nxa8 b6 11. d3 Bb7 12. Nxb6 axb6 13. Qf3 Nd4 14.
Qg3 f4 15. Qg4 Qf6 16. Ba4 N6f5 17. c3 h5 18. Qh3 g5 19. cxd4 g4 20. Bxf4
exf4 21. Bc6 Bxc6 22. d5 Bxd5 23. Qxg4 hxg4 24. h4 Bb4+ 25. Kd1 Qxb2 26. Nf3
Bxf3+ 27. gxf3 Qd2# {White checkmated} 0-1

[Event "GambitGuide"]
[Site "Internet Chess Club"]
[Date "2014.10.31"]
[Round "1"]
[White "JSBach"]
[Black "JoseLL23"]
[Result "1-0"]
[ICCResult "Black resigns"]
[WhiteElo "1675"]
[BlackElo "1601"]
[Opening "Vienna: `Frankenstein-Dracula' variation"]
[ECO "C27"]
[NIC "VG.02"]
[Time "15:19:21"]
[TimeControl "120+12"]

1. e4 e5 2. Nc3 Nf6 3. Bc4 Nxe4 4. Qh5 Nd6 5. Bb3 Nc6 6. Nb5 g6 7. Qf3 f5 8.
Qd5 Qe7 9. Nxc7+ Kd8 10. Nxa8 b6 11. d3 Bb7 12. Nxb6 axb6 13. Qf3 Nd4 14.
Qg3 f4 15. Qg4 g5 16. Ba4 h5 17. Qd1 Bxg2 18. c3 Nc6 19. Qb3 Kc7 20. Bxc6
dxc6 21. Qa4 Kb7 22. Bd2 Bxh1 23. O-O-O e4 24. dxe4 Bxe4 25. Qd4 Bg7 26. Qb4
Qe6 27. Bxf4 gxf4 28. Rxd6 Qe7 29. Rg6 Re8 30. Qxe7+ Rxe7 31. Rg5 h4 32. Rg4
Bh6 33. Rxh4 f3+ 34. Rxh6 {Black resigns} 1-0

[Event "GambitGuide"]
[Site "Internet Chess Club"]
[Date "2014.10.31"]
[Round "1"]
[White "JSBach"]
[Black "demo05"]
[Result "1-0"]
[ICCResult "Black resigns"]
[WhiteElo "1674"]
[BlackElo "2174"]
[Opening "Vienna: `Frankenstein-Dracula' variation"]
[ECO "C27"]
[NIC "VG.02"]
[Time "15:21:17"]
[TimeControl "120+12"]

1. e4 e5 2. Nc3 Nf6 3. Bc4 Nxe4 4. Qh5 Nd6 5. Bb3 Nc6 6. Nb5 g6 7. Qf3 f5 8.
Qd5 Qe7 9. Nxc7+ Kd8 10. Nxa8 b6 11. d3 Bb7 12. Nxb6 axb6 13. Qf3 Nd4 14.
Qg3 f4 15. Qg4 N6f5 16. Ne2 f3 17. Bg5 fxe2 18. Ba4 b5 19. Bxe7+ Bxe7 20.
Bb3 Nxb3 21. axb3 Nd4 22. Ra7 Bc6 23. c3 e4 24. dxe4 Nxb3 25. Qf4 Bc5 26.
Qf6+ {Black resigns} 1-0

[Event "GambitGuide"]
[Site "Internet Chess Club"]
[Date "2014.10.31"]
[Round "1"]
[White "JSBach"]
[Black "chess-caleb"]
[Result "1-0"]
[ICCResult "Black resigns"]
[WhiteElo "1693"]
[BlackElo "1669"]
[Opening "Vienna: `Frankenstein-Dracula' variation"]
[ECO "C27"]
[NIC "VG.02"]
[Time "15:23:11"]
[TimeControl "120+12"]

1. e4 e5 2. Nc3 Nf6 3. Bc4 Nxe4 4. Qh5 Nd6 5. Bb3 Nc6 6. Nb5 g6 7. Qf3 f5 8.
Qd5 Qe7 9. Nxc7+ Kd8 10. Nxa8 b6 11. d3 Bb7 12. Nxb6 axb6 13. Qf3 Nd4 14.
Qg3 f4 15. Qg4 e4 16. Kf1 e3 17. Bxe3 fxe3 18. Qxd4 e2+ 19. Nxe2 Bxg2+ 20.
Kxg2 Qxe2 21. Rae1 {Black resigns} 1-0

[Event "GambitGuide"]
[Site "Internet Chess Club"]
[Date "2014.10.31"]
[Round "1"]
[White "JSBach"]
[Black "nsideurheadbro"]
[Result "1-0"]
[ICCResult "Black resigns"]
[WhiteElo "1693"]
[BlackElo "1184"]
[Opening "Vienna: `Frankenstein-Dracula' variation"]
[ECO "C27"]
[NIC "VG.02"]
[Time "15:22:48"]
[TimeControl "120+12"]

1. e4 e5 2. Nc3 Nf6 3. Bc4 Nxe4 4. Qh5 Nd6 5. Bb3 Nc6 6. Nb5 g6 7. Qf3 f5 8.
Qd5 Qe7 9. Nxc7+ Kd8 10. Nxa8 b6 11. d3 Bb7 12. Nxb6 axb6 13. Qf3 f4 14. Bd2
Bh6 15. Qh3 Nf5 16. g4 fxg3 17. Bxh6 gxf2+ 18. Kxf2 Qf6 19. Nf3 Nh4 20. Bg5
{Black resigns}
1-0

[Event "GambitGuide"]
[Site "Internet Chess Club"]
[Date "2014.10.31"]
[Round "1"]
[White "JSBach"]
[Black "andyyang"]
[Result "1-0"]
[ICCResult "Black resigns"]
[WhiteElo "1679"]
[BlackElo "1782"]
[Opening "Vienna: `Frankenstein-Dracula' variation"]
[ECO "C27"]
[NIC "VG.02"]
[Time "15:21:20"]
[TimeControl "120+12"]

1. e4 e5 2. Nc3 Nf6 3. Bc4 Nxe4 4. Qh5 Nd6 5. Bb3 Nc6 6. Nb5 g6 7. Qf3 f5 8.
Qd5 Qe7 9. Nxc7+ Kd8 10. Nxa8 b6 11. d3 Nd4 12. f4 exf4+ 13. Kd1 Bb7 14.
Qxd4 Bg7 15. Qxf4 Bxg2 16. Nxb6 axb6 17. Bd5 Bxd5 18. Nf3 Re8 19. Bd2 Qe2+
20. Kc1 Qxf3 21. Qh4+ Kc8 22. Rg1 h5 23. Qb4 Qf2 24. Rd1 Bf3 25. Qxd6 Bxd1
26. Qxg6 Bxb2+ 27. Kxb2 Re5 28. Rxd1 Rb5+ 29. Ka1 Qe2 30. Qg1 Rc5 31. Kb1
Rb5+ 32. Ka1 Rc5 33. Kb1 Qe5 34. Qg8+ Kc7 35. Qg3 Qxg3 36. hxg3 d6 37. Rh1
Rb5+ 38. Kc1 Kc6 39. Bf4 Ra5 40. Rxh5 Rxa2 41. Rxf5 {Black resigns} 1-0